 Dungeon Crawl Stone Soup version 0.22.0-38-g04b72b8 (webtiles) character file.

4462 Lew the Cleaver (level 10, -11/56 HPs)
             Began as a Gargoyle Fighter on Aug 27, 2018.
             Was a Priest of Okawaru.
             Killed by divine providence
             ... invoked by an orc priest
              (14 damage)
             ... on level 9 of the Dungeon.
             The game lasted 00:16:15 (7239 turns).

Lew the Cleaver (Gargoyle Fighter)                  Turns: 7239, Time: 00:16:16

Health: -11/56     AC: 19    Str: 24 (25) XL:     10   Next: 37%
Magic:  3/3        EV:  8    Int:  6 (7)  God:    Okawaru [***...]
Gold:   462        SH: 10    Dex: 11 (12) Spells: 9/9 levels left

rFire    . . .     SeeInvis +   v - +6 whip of a volcano {antimagic, Fragile rPois Dex+2}
rCold    + . .     Gourm    +   c - +0 shield
rNeg     + . .     Faith    .   x - +0 ring mail {rC+}
rPois    ∞         Spirit   .   (helmet restricted)
rElec    +         Reflect  .   (no cloak)
rCorr    .         Harm     .   h - +2 pair of gloves {Str+3}
MR       .....                  l - +2 pair of boots
Stlth    ++........             k - amulet "Wacy" {Gourm rElec}
HPRegen  0.18/turn              B - ring of stealth (curse)
MPRegen  0.08/turn              o - ring of see invisible

@: about to teleport, very slightly contaminated
A: antennae 1, dopey 1, negative energy resistance 1, electricity resistance,
unbreathing, evolution 1, petrification resistance, rot immunity, AC +7
a: Heroism, Renounce Religion


You were on level 9 of the Dungeon.
You worshipped Okawaru.
Okawaru was most pleased with you.
You were very hungry.

You visited 2 branches of the dungeon, and saw 10 of its levels.

You collected 462 gold pieces.

Inventory:

Hand Weapons
 a - a +2 war axe
 v - the +6 whip of a volcano (weapon) {antimagic, Fragile rPois Dex+2}
   (You found it on level 6 of the Dungeon)

   It reduces the magical energy of the wielder, and disrupts the spells and
   magical abilities of those hit.
   Natural abilities and divine invocations are not affected.
   It affects your dexterity (+2).
   It protects you from poison.
   It will be destroyed if unequipped.
Armour
 c - a +0 shield (worn)
 h - a +2 pair of gloves of strength (worn)
 l - a +2 pair of boots (worn)
 x - a +0 ring mail of cold resistance (worn)
Jewellery
 k - the amulet "Wacy" (around neck) {Gourm rElec}
   (You found it on level 4 of the Dungeon)

   [amulet of the gourmand]

   It allows you to eat raw meat even when not hungry.
   It insulates you from electricity.
 o - a ring of see invisible (right hand)
 y - an uncursed ring of stealth
 A - an uncursed ring of flight
 B - a cursed ring of stealth (left hand)
Wands
 n - a wand of polymorph (11)
 p - a wand of iceblast (21)
 r - a wand of paralysis (12)
 s - a wand of random effects (21)
 D - a wand of flame (19)
Scrolls
 b - a scroll of fear
 e - 3 scrolls of remove curse
 g - a scroll of fog
 j - 5 scrolls of teleportation
 w - a scroll of acquirement
Potions
 d - a potion of might
 i - 3 potions of haste
 q - 3 potions of invisibility
 t - 2 potions of flight
 z - a potion of resistance
Comestibles
 f - 19 rations


   Skills:
 - Level 4.0 Fighting
 + Level 12.9 Axes
 - Level 4.0 Armour
 - Level 4.0 Shields


You had 9 spell levels left.
You didn't know any spells.
Your spell library contained the following spells:

 Spells                   Type           Power        Failure   Level  Hunger
 Corona                   Hex            #......      97%         1    ##.....
 Ensorcelled Hibernation  Hex/Ice        #.....       99%         2    ###....
 Confuse                  Hex            #.......     100%        3    ####...
 Dazzling Spray           Conj/Hex       #.....       100%        3    ####...
 Tukima's Dance           Hex            #.......     100%        3    ####...


Dungeon Overview and Level Annotations

Branches:
Dungeon (9/15)             Temple (1/1) D:4            Lair (0/6) D:8
    Orc: D:9-12

Altars:
Ashenzari
Cheibriados
Dithmenos
Elyvilon
Fedhas
Gozag
Hepliaklqana
Kikubaaqudgha
Makhleb
Nemelex Xobeh
Okawaru
Qazlal
Ru
Sif Muna
Trog
Uskayaw
Vehumet
Wu Jian
Xom
Yredelemnul
Zin
The Shining One


Innate Abilities, Weirdness & Mutations

You are resistant to torment.
Your stone body is resilient. (AC +7)
You are immune to poison.
You resist negative energy. (rN+)
You are resistant to electric shocks. (rElec)
You can survive without breathing.
You are immune to petrification.
You are immune to rotting.
You have a pair of small antennae on your head.
You are dopey. (Int -2)
You evolve.


Message History

The orc warrior hits you but does no damage.
The orc warrior hits you with a battleaxe!
* * * LOW HITPOINT WARNING * * *
Blink to where?
Press: ? - help, Dir - move target cursor You are very lightly contaminated with residual magic.
As you read the scroll of blinking, it crumbles to dust.
You feel better.
You are feeling very hungry.
Things that are here:
a dagger of protection; a robe The orc shouts!
The orc priest mumbles some strange prayers to Beogh against you.
Beogh smites you!
* * * LOW HITPOINT WARNING * * *
As you read the scroll of teleportation, it crumbles to dust.
You feel strangely unstable.
The orc priest invokes the aid of Beogh against you.
Beogh smites you!
You die...

## ### ##. #.### .# .[..##..#####
#...# ..... ............# ###.#
≈≈≈≈≈ ≈≈≈≈≈≈8....# #.## ≈≈≈≈≈≈
≈≈≈≈≈8≈....### #..#
###############'.≈≈......######.#
..o......oo....#.≈≈....#.).))....
..o..)...oo..).##≈≈....#####.....
..ooo8...oo.oo..@o...### #.....
..o..)......o).##≈≈..# ######
...............#.≈≈..#
###############'.≈≈..# ≈≈≈≈8≈..#
≈≈≈≈≈≈8..# ..........#
..........#


You could see 4 orc warriors, an orc priest and 5 orcs.

Vanquished Creatures
  Harold (D:8)
  Pikel (D:5)
  Grinder (D:5)
  2 hippogriffs
  A steam dragon (D:7)
  A water moccasin (D:8)
  2 orc warriors
  An ice beast (D:9)
  2 slaves (D:5)
  A necrophage (D:7)
  2 black bears
  3 centaurs
  An ogre (D:8)
  2 bullfrogs
  Blork the orc (D:5)
  4 scorpions
  3 wights (D:8)
  3 howler monkeys
  A bullfrog zombie (D:9)
  2 crimson imps
  4 hounds
  3 orc priests
  7 orc wizards
  An iguana (D:5)
  Natasha (thrice) (D:3)
  5 worker ants
  3 hound skeletons
  2 howler monkey zombies
  2 worker ant zombies
  3 gnolls (D:5)
  8 adders
  3 shadow imps
  2 oozes
  An adder zombie (D:9)
  An adder skeleton (D:8)
  24 orcs
  3 giant cockroaches
  3 goblins
  5 hobgoblins
  3 jackals (D:4)
  4 quokkas
  4 ball pythons
  7 bats
  2 frilled lizards
  8 kobolds
  4 quokka skeletons
  A quokka zombie (D:5)
  3 rats
154 creatures vanquished.

Vanquished Creatures (others)
  2 slaves (D:5)
  An orc (D:5)
3 creatures vanquished.

Grand Total: 157 creatures vanquished

Notes
Turn   | Place    | Note
-------+----------+-------------------------------------------
     0 | D:1      | Lew the Gargoyle Fighter began the quest for the Orb.
     0 | D:1      | Reached XP level 1. HP: 14/14 MP: 1/1
   412 | D:1      | Reached XP level 2. HP: 19/19 MP: 2/2
   833 | D:2      | Reached XP level 3. HP: 24/24 MP: 3/3
   957 | D:2      | Found a radiant altar of Vehumet.
   996 | D:2      | Found a stormy altar of Qazlal.
   997 | D:2      | Noticed a water elemental
   998 | D:2      | Noticed an air elemental
   999 | D:2      | Noticed a fire elemental
   999 | D:2      | Noticed an earth elemental
  1169 | D:3      | Reached skill level 2 in Axes
  1335 | D:3      | Noticed Natasha
  1340 | D:3      | Killed Natasha
  1340 | D:3      | Reached XP level 4. HP: 29/29 MP: 4/4
  1346 | D:3      | Reached skill level 3 in Axes
  1346 | D:3      | Reached XP level 5. HP: 31/33 MP: 5/5
  1368 | D:3      | Noticed Natasha
  1374 | D:3      | Killed Natasha
  1380 | D:3      | Found an ancient bone altar of Kikubaaqudgha.
  1489 | D:3      | Found a sparkling altar of Nemelex Xobeh.
  1539 | D:3      | Found a hazy altar of Hepliaklqana.
  1548 | D:3      | Found a basalt altar of Yredelemnul.
  1578 | D:3      | Noticed Natasha
  1587 | D:3      | Killed Natasha
  1587 | D:3      | Reached skill level 4 in Axes
  1627 | D:4      | Found a staircase to the Ecumenical Temple.
  1635 | D:4      | Reached XP level 6. HP: 36/38 MP: 6/6
  1645 | Temple   | Entered the Ecumenical Temple
  2280 | D:4      | Got a slimy pewter amulet
  2355 | D:4      | Reached skill level 5 in Axes
  2479 | D:5      | Entered Level 5 of the Dungeon
  2479 | D:5      | Noticed Blork the orc
  2510 | D:5      | Killed Blork the orc
  2752 | D:5      | Identified the amulet "Wacy" {Gourm rElec} (You found it on level 4 of the Dungeon)
  2782 | D:5      | Noticed Pikel
  2782 | D:5      | Noticed a slave
  2782 | D:5      | Noticed a slave
  2783 | D:5      | Noticed a slave
  2784 | D:5      | Noticed a slave
  2811 | D:5      | Killed Pikel
  2811 | D:5      | Reached skill level 7 in Axes
  2811 | D:5      | Reached XP level 7. HP: 27/43 MP: 7/7
  2811 | D:5      | Reached XP level 8. HP: 30/48 MP: 8/8
  2876 | D:5      | Noticed Grinder
  2885 | D:5      | Paralysed by Grinder for 2 turns
  2888 | D:5      | Paralysed by Grinder for 7 turns
  2904 | D:5      | Killed Grinder
  2904 | D:5      | Reached skill level 8 in Axes
  2908 | D:5      | Found an iron altar of Okawaru.
  3081 | D:5      | Became a worshipper of Warmaster Okawaru
  3206 | D:5      | Found a hide-covered altar of Uskayaw.
  3434 | D:5      | Reached skill level 9 in Axes
  3856 | D:6      | Reached * piety under Okawaru
  4021 | D:6      | Reached XP level 9. HP: 52/52 MP: 9/9
  4176 | D:6      | Got a brightly glowing whip
  4177 | D:6      | Identified the +6 whip of a volcano {antimagic, Fragile rPois Dex+2} (You found it on level 6 of the Dungeon)
  4791 | D:7      | Reached skill level 10 in Axes
  4798 | D:7      | Found a shattered altar of Ashenzari.
  4857 | D:7      | Identified a scroll of acquirement
  4858 | D:7      | Gained mutation: You possess an exceptional clarity of mind. [potion of mutation]
  4858 | D:7      | Gained mutation: You have large cloven feet. [potion of mutation]
  4859 | D:7      | Lost mutation: You possess an exceptional clarity of mind. [potion of mutation]
  4859 | D:7      | Lost mutation: You have large cloven feet. [potion of mutation]
  4859 | D:7      | Gained mutation: Armour fits poorly on your strangely shaped body. [potion of mutation]
  4859 | D:7      | Gained mutation: You are dopey. (Int -2) [potion of mutation]
  4859 | D:7      | Gained mutation: You evolve. [potion of mutation]
  4859 | D:7      | Gained mutation: You have a pair of small antennae on your head. [potion of mutation]
  5718 | D:8      | Found a staircase to the Lair.
  5778 | D:8      | Noticed Harold
  5805 | D:8      | Killed Harold
  5805 | D:8      | Reached ** piety under Okawaru
  5805 | D:8      | Reached skill level 11 in Axes
  5836 | D:8      | Reached *** piety under Okawaru
  5836 | D:8      | Reached skill level 12 in Axes
  5836 | D:8      | Reached XP level 10. HP: 16/56 MP: 3/10
  6262 | D:8      | Found a white marble altar of Elyvilon.
  6603 | D:9      | Lost mutation: Armour fits poorly on your strangely shaped body. [evolution]
  7239 | D:9      | Killed from afar by an orc priest

Skill      XL: |  1  2  3  4  5  6  7  8  9 |
---------------+----------------------------+-----
Axes           | 2 3 4 7 9 12 | 12.9
Fighting       | 4 |  4.0
Armour         | 4 |  4.0
Shields        | 4 |  4.0

Action                   |  1- 3 |  4- 6 |  7- 9 | 10-12 || total
-------------------------+-------+-------+-------+-------++-------
Melee: War axe           |   118 |   145 |   146 |       ||   409
       Whip              |       |       |   122 |   149 ||   271
  Use: Scroll            |     4 |     6 |     8 |     4 ||    22
       Potion            |       |     3 |     3 |     2 ||     8
 Stab: Sleeping          |       |       |     1 |     1 ||     2
  Eat: Chunk             |     2 |     1 |       |       ||     3
       Ration            |       |     1 |     3 |     1 ||     5
Armor: Scale mail        |    82 |    76 |    76 |       ||   234
       Ring mail         |       |       |    55 |    75 ||   130
Dodge: Dodged            |    47 |    46 |    74 |    43 ||   210
Block: Shield            |    89 |    91 |   134 |    85 ||   399
